 Dungeon Crawl Stone Soup version 0.26.0-16-gc1dbca0489 (webtiles) character file.

Game seed: 9867596142221371689

709 kaeus the Firebug (level 7, -4/36 HPs)
             Began as a Gargoyle Fire Elementalist on Jan 22, 2021.
             Was a Follower of Ashenzari.
             Shot with an arrow by a centaur (10 damage)
             ... on level 5 of the Dungeon.
             The game lasted 00:08:23 (6527 turns).

kaeus the Firebug (Gargoyle Fire Elementalist)      Turns: 6527, Time: 00:08:24

Health: -4/36      AC:  6    Str: 11    XL:     7   Next: 68%
Magic:  9/13       EV:  9    Int: 18    God:    Ashenzari [*.....]
Gold:   211        SH:  6    Dex: 10    Spells: 9/15 levels left

rFire    + + .     SeeInvis .   e - +2 dagger (distort) (curse)
rCold    . . .     Faith    .   o - +0 kite shield (curse)
rNeg     + . .     Spirit   .   c - +0 robe
rPois    ∞         Reflect  .   (no helmet)
rElec    +         Harm     .   (no cloak)
rCorr    +         Rampage  .   (no gloves)
Will     .....                  (no boots)
Stlth    ++........             (no amulet)
HPRegen  0.12/turn              j - ring of fire (curse)
MPRegen  0.13/turn              (no ring)

@: resistant, very slightly contaminated
A: negative energy resistance 1, electricity resistance, unbreathing,
petrification resistance, miasma immunity, AC +4
a: Renounce Religion, Curse Item, Scrying


You were on level 5 of the Dungeon.
You worshipped Ashenzari.
Ashenzari was aware of your devotion.
You visited 1 branch of the dungeon, and saw 5 of its levels.
You also visited: Sewer.

You collected 211 gold pieces.

Inventory:

Hand Weapons
 e - a cursed +2 dagger of distortion (weapon)
Armour
 c - a +0 robe (worn)
 o - a cursed +0 kite shield (worn)
Jewellery
 j - a cursed ring of fire (left hand)
Wands
 p - a wand of polymorph (10)
 s - a wand of flame (15)
 u - a wand of random effects (15)
Scrolls
 a - a scroll of teleportation {unknown}
 b - 11 scrolls of identify {unknown}
 g - 2 scrolls of amnesia {unknown}
 k - a scroll of random uselessness {unknown}
 l - 2 scrolls of fog {unknown}
 n - a scroll of immolation {unknown}
 r - a scroll of enchant weapon {unknown}
 t - a scroll of enchant armour {unknown}
Potions
 d - 8 potions of curing {unknown}
 f - a potion of mutation {unknown}
 h - 2 potions of berserk rage {unknown}
 m - 4 potions of flight {unknown}
 q - a potion of invisibility {unknown}


   Skills:
 + Level 2.1 Dodging
 - Level 2.1 Stealth
 + Level 4.5 Spellcasting
 + Level 4.8 Conjurations
 + Level 5.3 Fire Magic
 + Level 1.1 Evocations


You had 9 spell levels left.
You knew the following spells:

 Your Spells              Type           Power        Failure   Level
a - Foxfire               Conj/Fire      100%         12%         1
b - Fireball              Conj/Fire      16%          98%         5

Your spell library contained the following spells:

 Spells                   Type           Power        Failure   Level
 Conjure Flame            Conj/Fire      33%          36%         3
 Corona                   Hex            4%           69%         1
 Inner Flame              Hex/Fire       20%          69%         3
 Dazzling Flash           Conj/Hex       24%          73%         3
 Sticky Flame             Conj/Fire      33%          77%         4
 Ensorcelled Hibernation  Hex/Ice        8%           83%         2
 Confusing Touch          Hex            4%           96%         3
 Tukima's Dance           Hex            4%           96%         3


Dungeon Overview and Level Annotations

Branches:
Dungeon (5/15)             Temple (0/1) D:4           Sewer (visited)

Altars:
Ashenzari
Dithmenos
Ru
Lugonu

Portals:
Abyss: D:3

Annotations:
D:5 4 runed translucent doors
Abyss:1 Natasha


Innate Abilities, Weirdness & Mutations

You are resistant to torment.
Your stone body is resilient. (AC +4)
You are immune to poison.
You resist negative energy. (rN+)
You are resistant to electric shocks. (rElec)
You can survive without breathing.
You are immune to petrification.
You are immune to miasma.


Message History

The bullfrog zombie is moderately damaged.
The bullfrog zombie hits you but does no damage.
The centaur shoots an arrow.
The arrow hits you.
* * * LOW HITPOINT WARNING * * *
The bullfrog zombie hits you but does no damage.
You take 6 damage, and have 7/36 hp.
You closely miss the bullfrog zombie.
The bullfrog zombie is moderately damaged.
The centaur shoots an arrow.
You block the arrow. The bullfrog zombie closely misses you.
The centaur shoots an arrow.
The arrow hits you but does no damage.
You hit the bullfrog zombie.
Space warps horribly around the bullfrog zombie!!
You destroy the bullfrog zombie!
The centaur shoots an arrow.
The arrow hits you.
* * * LOW HITPOINT WARNING * * *
You take 2 damage, and have 6/36 hp.
You feel protected.
The centaur shoots an arrow.
The arrow hits you!
You die...

....... #.........
.......
#................. .
#.............†...
..#####.................
........................
....Y...................
....c...................
.......@(...............
........................
........................
########################


You could see an ice beast and a centaur.

Vanquished Creatures
  A big kobold (Sewer)
  A water moccasin skeleton (D:4)
  A bullfrog zombie (D:5)
  3 hounds
  3 orc wizards
  A jelly (D:4)
  Jessica (D:2)
  An iguana (D:5)
  3 worker ants
  A gnoll (D:1)
  6 adders
  A white imp (D:5)
  2 adder zombies (D:5)
  3 worms
  11 leopard geckos
  13 orcs
  6 bats
  7 giant cockroaches
  8 goblins
  8 hobgoblins
  4 jackals
  9 kobolds
  A quokka (D:4)
  A ball python (D:5)
  2 frilled lizards
  14 rats
  A lurking horror (D:3)
113 creatures vanquished.

Vanquished Creatures (others)
  362 foxfires
  A lurking horror (D:3)
  8 plants (D:2)
371 creatures vanquished.

Grand Total: 484 creatures vanquished

Notes
Turn   | Place    | Note
-------+----------+-------------------------------------------
     0 | D:1      | kaeus the Gargoyle Fire Elementalist began the quest for
                  | the Orb.
     0 | D:1      | Reached XP level 1. HP: 10/10 MP: 3/3
   242 | D:1      | Reached XP level 2. HP: 15/15 MP: 0/5
   707 | D:1      | Reached XP level 3. HP: 2/19 MP: 1/6
  1821 | D:2      | Found a shadowy altar of Dithmenos.
  1823 | D:2      | Found a sacrificial altar of Ru.
  1859 | D:2      | Noticed Natasha
  1868 | D:2      | Banished Natasha
  1869 | D:2      | Reached XP level 4. HP: 22/24 MP: 3/8
  2278 | D:2      | Found a broken altar of Ashenzari.
  2288 | D:2      | Became a worshipper of Ashenzari the Shackled
  2422 | D:2      | Noticed Jessica
  2426 | D:2      | Killed Jessica
  2427 | D:2      | Reached skill level 4 in Fire Magic
  2427 | D:2      | Reached XP level 5. HP: 28/28 MP: 4/9
  2898 | D:2      | Found a faded altar of an unknown god.
  3533 | D:3      | Found a corrupted altar of Lugonu.
  3544 | D:3      | Found a one-way gate to the infinite horrors of the Abyss.
  4437 | D:3      | Reached XP level 6. HP: 30/32 MP: 8/11
  4657 | D:4      | Found a staircase to the Ecumenical Temple.
  4842 | D:4      | Reached * piety under Ashenzari
  4946 | D:4      | Reached skill level 5 in Fire Magic
  5091 | D:4      | Reached XP level 7. HP: 36/36 MP: 9/13
  5097 | D:4      | Learned a level 5 spell: Fireball
  5438 | D:5      | Entered Level 5 of the Dungeon
  5510 | D:5      | Found a glowing drain.
  5533 | Sewer    | Entered a sewer
  5779 | Sewer    | Found a white marble altar of Elyvilon.
  6024 | D:5      | Found the +9 staff of Olgreb {rPois∞}
  6031 | D:5      | Found a runed translucent gate.
  6031 | D:5      | Found a runed translucent gate.
  6031 | D:5      | Noticed a soldier ant
  6032 | D:5      | Found a runed translucent door.
  6142 | D:5      | Found a runed translucent gate.
  6144 | D:5      | Noticed a soldier ant
  6145 | D:5      | Noticed a soldier ant
  6152 | D:5      | Reached skill level 1 in Evocations
  6527 | D:5      | Shot with an arrow by a centaur

Illustrated notes

Levels and vault maps discovered:
D:1:      scummos_arrival_simple_fountains, layout_basic
D:2:      layout_loops_ring, old_standard_altar, nicolae_overflow_hidden_temple,
          chequers_ecumenical_altar_lobes, uniq_jessica, uniq_natasha
D:3:      minmay_door_path, layout_basic, amcnicky_altar_lugonu_corruption
D:4:      layout_loops_ring, minmay_temple_entry_nine_rooms, serial_glass,
          glass_columns_a, glass_columns_b
D:5:      layout_gridville, gup_sewer_entry_pipe,
          minmay_guarded_unrand_staff_of_olgreb

Skill      XL: |  1  2  3  4  5  6  7 |
---------------+----------------------+-----
Conjurations   | 2 3 4 |  4.8
Spellcasting   | 3 4 |  4.5
Fire Magic     | 4 5 |  5.3
Dodging        | 2 |  2.1
Evocations     | 1 |  1.1
Stealth        | |  2.1

Action                   |  1- 3 |  4- 6 |  7- 9 || total
-------------------------+-------+-------+-------++-------
Melee: Unarmed           |    26 |       |       ||    26
       Dagger            |    20 |    39 |    57 ||   116
       Club              |     5 |       |       ||     5
 Cast: Foxfire           |    53 |   133 |    63 ||   249
Invok: Curse Item        |       |     2 |     1 ||     3
       Scrying           |       |       |     1 ||     1
  Use: Potion            |       |       |     1 ||     1
Armor: Robe              |    29 |     7 |    26 ||    62
       Chain mail        |     4 |       |       ||     4
Dodge: Dodged            |    43 |    16 |    16 ||    75
Block: Kite shield       |       |     9 |    15 ||    24
